 Dungeon Sprint DCSS version 0.31-a0-1309-gbf3fed316f (webtiles) character file.

Game seed: 7515287893531376978

401 Conn the Arsonist (level 6, -1/36 HPs)
             Began as an Octopode Fire Elementalist on Dec 20, 2023.
             Was an Initiate of Sif Muna.
             Slain by a polar bear (17 damage)
             ... in the Dungeon (Sprint II: "The Violet Keep of Menkaure").
             The game lasted 00:02:46 (299 turns).

Conn the Arsonist (Octopode Fire Elementalist)       Turns: 299, Time: 00:02:47

Health: -1/36      AC:  1    Str:  7    XL:     6   Next: 85%
Magic:  8/14       EV: 14    Int: 19    God:    Sif Muna [......]
Gold:   634        SH:  0    Dex: 13    Spells: 6/16 levels left

rFire   . .          .
                       - Unarmed
rCold   . . .        (no shield)
rNeg    . . .        (helmet restricted)
rPois   .            (no amulet)
rElec   .            (no ring)
rCorr   .            (no ring)
SInv    .            (no ring)
Will    +....        (no ring)
Stlth   +++++        (no ring)
HPRegen 0.26/turn    (no ring)
MPRegen 0.14/turn    (no ring)
                     (no ring)

%: no teleportation
@: enlightened, flying
A: almost no armour, amphibious, 8 rings, camouflage 1, gelatinous body 1,
nimble swimmer 1, tentacles
a: Renounce Religion


You were in the Dungeon.
You worshipped Sif Muna.
Sif Muna was noncommittal.
You visited 1 branch You collected 634 gold pieces.

Inventory:

Missiles
 u - 4 curare-tipped darts
Armour
 v - an orb of energy
Scrolls
 d - a scroll of silence {unknown}
 f - 2 scrolls of blinking
 i - 3 scrolls of identify {unknown}
 k - 2 scrolls of amnesia {unknown}
 m - 2 scrolls of immolation {unknown}
 n - a scroll of vulnerability {unknown}
 o - 2 scrolls of enchant armour {unknown}
 q - a scroll of fog {unknown}
 s - a scroll of revelation {unknown}
Potions
 a - 5 potions of magic
 b - 3 potions of curing
 c - a potion of brilliance {unknown}
 e - a potion of lignification {unknown}
 g - 4 potions of resistance {unknown}
 h - a potion of berserk rage
 j - 2 potions of enlightenment
 l - 2 potions of might {unknown}
 p - a potion of haste
 r - a potion of heal wounds
 t - a potion of attraction {unknown}


   Skills:
 + Level 0.1 Fighting
 + Level 4.9 Dodging
 + Level 5.9 Stealth
 - Level 2.3 Unarmed Combat
 + Level 5.8 Spellcasting
 * Level 5.3 Conjurations
 * Level 1.5 Hexes
 + Level 9.9 Fire Magic
 * Level 1.7 Invocations


You had 6 spell levels left.
You knew the following spells:

 Your Spells              Type           Power      Damage    Failure   Level
a - Foxfire               Conj/Fire      100%       2x1d9     1%          1
b - Scorch                Fire           86%        2d8       1%          2
c - Inner Flame           Hex/Fire       27%        N/A       3%          3
d - Flame Wave            Conj/Fire      34%        2d10      4%          4

Your spell library contained the following spells:

 Spells                   Type           Power      Damage    Failure   Level
 Volatile Blastmotes      Fire/Tloc      48%        2d14      4%          3


Dungeon Overview and Level Annotations

Branches:
Dungeon (1/1)

Altars:
Cheibriados
Dithmenos
Elyvilon
Fedhas
Gozag
Hepliaklqana
Kikubaaqudgha
Makhleb
Nemelex Xobeh
Okawaru
Qazlal
Ru
Sif Muna
Trog
Uskayaw
Vehumet
Wu Jian
Xom
Yredelemnul
Zin
The Shining One
Jiyva
Lugonu


Innate Abilities, Weirdness & Mutations

You cannot wear most types of armour.
You are amphibious.
You can wear up to eight rings at the same time.
Your skin changes colour to match your surroundings (Stealth+).
Your rubbery body absorbs attacks. (AC +1, EV +1)
You are camouflaged when in or above water. (Stealth+)
You have tentacles for arms and can constrict up to eight enemies at once.


Message History

Confirm with . or Enter, or press ? or * to list all spells.
Flames lash the crocodile.
The crocodile is burned terribly!
You kill the crocodile!
Sif Muna accepts your kill.
Your Conjurations skill increases to level 5!
Your Hexes skill increases to level 1!
Your Invocations skill increases to level 1!
Casting: Scorch (safe; 1% risk of failure)
Confirm with . or Enter, or press ? or * to list all spells.
You conjure some foxfire!
Your foxfire dissipates!
Your foxfire dissipates!
A yaktaur, a hornet and a polar bear come into view.
Found 81 gold pieces.
The hornet buzzes angrily.
The yaktaur shouts!
The polar bear growls angrily.
A polar bear comes into view.
The hornet moves out of view.
The polar bear growls angrily.
Unknown command.
Unknown command.
Unknown command.
The polar bear attacks as it pursues you!
The polar bear barely misses you. The polar bear claws you. x2
You can't go up here!
Unknown command.
Unknown command.
Unknown command.
Casting: Foxfire (safe; 1% risk of failure)
Confirm with . or Enter, or press ? or * to list all spells.
Aiming: Inner Flame (dangerous; 3% risk of failure)
Press: ? - help, Dir - move target, f - polar bear
Aim: a polar bear (chance to affect: 82%)
The polar bear is filled with an inner flame.
The polar bear bites you! The polar bear claws you.
The polar bear claws you but does no damage.
Unknown command.
It was a potion of enlightenment.
You feel very buoyant.
You fly up into the air.
The polar bear bites you!
You die...

# #|)▓[.....[.▓▓ ##.####
+.####|}▓[.......▓▓ .# ...#
...####▓.[%)....▓▓ ####..##
#..# c#▓..([)).(▓▓ ##.##..#
+..# .#▓.[.(..()▓▓ #..†#..#
#..# h#▓(.......▓▓
'.##'..####..##.#▓))....[.▓▓
###.#....###...##▓▓▓▓▓▓▓'▓▓▓▓+▓
#.##......~~~hh@~~~~†§~...Xw≈▓
###~~..§.§~#'########§###.≈≈≈▓
#~~§~~§~.§~#.._.....#§~~##≈≈≈▓
#~§~§~~§~.~#._._....#~§≈≈####▓
#~~~≈≈§~~~§~#_._._...#~~~~≈#
~~~~~§§§≈~~~#._._._..#~~~§≈≈#
++#~§§§§≈≈≈~#_._._._.#l~~~~≈+
##≈§≈###≈≈#._._._._#~~§~≈l#
#≈≈#_._._._.#~


You could see 2 polar bears and a crocodile.

Vanquished Creatures
  2 crocodiles (D)
  4 necrophages (D)
  3 worms (D)
9 creatures vanquished.

Vanquished Creatures (others)
  17 foxfires (D)
  8 tentacles (D)
25 creatures vanquished.

Grand Total: 34 creatures vanquished

Notes
Turn   | Place    | Note
-------+----------+-------------------------------------------
     0 | D        | Conn the Octopode Fire Elementalist began the quest for the
                  | Orb.
     0 | D        | Reached XP level 1. HP: 11/11 MP: 3/3
     2 | D        | Noticed a necrophage
     2 | D        | Noticed a necrophage
     2 | D        | Noticed a necrophage
     2 | D        | Noticed a necrophage
     9 | D        | Killed a necrophage
    10 | D        | Reached skill level 6 in Fire Magic
    10 | D        | Reached XP level 2. HP: 17/17 MP: 1/6
    10 | D        | Reached XP level 3. HP: 21/21 MP: 1/8
    10 | D        | Reached XP level 4. HP: 27/27 MP: 1/9
    12 | D        | Killed a necrophage
    13 | D        | Reached skill level 7 in Fire Magic
    13 | D        | Reached XP level 5. HP: 31/31 MP: 1/11
    18 | D        | Reached skill level 5 in Stealth
    18 | D        | Reached skill level 1 in Unarmed Combat
    18 | D        | Reached skill level 8 in Fire Magic
    20 | D        | Reached XP level 6. HP: 36/36 MP: 2/13
    31 | D        | Learned a level 2 spell: Scorch
    35 | D        | Learned a level 3 spell: Inner Flame
    40 | D        | Learned a level 4 spell: Flame Wave
    53 | D        | Reached skill level 5 in Spellcasting
    93 | D        | Reached skill level 9 in Fire Magic
   100 | D        | Found a stormy altar of Qazlal.
   100 | D        | Found an ornate altar of the Wu Jian Council.
   101 | D        | Found a hazy altar of Hepliaklqana.
   101 | D        | Found a sacrificial altar of Ru.
   101 | D        | Found a shimmering altar of Xom.
   102 | D        | Found a viscous altar of Jiyva.
   102 | D        | Found a shimmering blue altar of Sif Muna.
   103 | D        | Found a snail-covered altar of Cheibriados.
   103 | D        | Found an ancient bone altar of Kikubaaqudgha.
   103 | D        | Found a bloodstained altar of Trog.
   104 | D        | Found a shadowy altar of Dithmenos.
   104 | D        | Found a corrupted altar of Lugonu.
   105 | D        | Found a white marble altar of Elyvilon.
   105 | D        | Found a burning altar of Makhleb.
   106 | D        | Found a blossoming altar of Fedhas.
   108 | D        | Found an opulent altar of Gozag.
   108 | D        | Found a glowing golden altar of the Shining One.
   108 | D        | Found a basalt altar of Yredelemnul.
   108 | D        | Found a hide-covered altar of Uskayaw.
   108 | D        | Found a sparkling altar of Nemelex Xobeh.
   109 | D        | Found a glowing silver altar of Zin.
   109 | D        | Found a radiant altar of Vehumet.
   109 | D        | Found an iron altar of Okawaru.
   114 | D        | Became a worshipper of Sif Muna the Loreminder
   127 | D        | Noticed a kraken
   274 | D        | Reached skill level 5 in Conjurations
   274 | D        | Reached skill level 1 in Hexes
   274 | D        | Reached skill level 1 in Invocations
   295 | D        | Noticed a yaktaur
   295 | D        | Noticed a hornet
   295 | D        | Noticed a polar bear
   295 | D        | Noticed a polar bear
   299 | D        | Slain by a polar bear

Illustrated notes

Levels and vault maps discovered:
D:        the_violet_keep_of_menkaure [sprint2_stairs_cluster_1,
          sprint2_shoproom, sprint2_temple, sprint2_basic_supplies,
          sprint2_obstacle_6, sprint2_obstacle_5, sprint2_obstacle_7,
          sprint2_obstacle_3, sprint2_obstacle_2, sprint2_timed_cluster_1,
          sprint2_smallroom_cluster_1, sprint2_smallroom_final_cluster_1,
          sprint2_transparent_cluster_1, sprint2_second_timed_cluster_1,
          sprint2_sniper_area_1, sprint2_heavy_combat_area_1,
          sprint2_mutation_trap_area_1, sprint2_forest_area_1,
          sprint2_light_combat_area_1, sprint2_behind_water_1,
          sprint2_near_end_vault_1]

Skill      XL: |  1  2  3  4  5  6 |
---------------+-------------------+-----
Dodging        | 3 4 |  4.9
Stealth        | 4 5 |  5.9
Spellcasting   | 3 4 5 |  5.8
Fire Magic     | 6 7 8 9 |  9.9
Conjurations   | 2 4 5 |  5.3
Unarmed Combat | 1 2 |  2.3
Hexes          | 1 |  1.5
Invocations    | 1 |  1.7
Fighting       | |  0.1

Action                     |  1- 3 |  4- 6 || total
---------------------------+-------+-------++-------
  Melee: Unarmed           |     2 |    13 ||    15
         Constrict         |     1 |     4 ||     5
         Tentacles         |     1 |     3 ||     4
   Cast: Foxfire           |     2 |     8 ||    10
         Scorch            |       |     6 ||     6
         Inner Flame       |       |     1 ||     1
         Flame Wave        |       |     1 ||     1
    Use: Potion            |     2 |     3 ||     5
 Armour: Skin              |     1 |    12 ||    13
  Dodge: Dodged            |       |     7 ||     7

Table legend: (Time is in decaauts)
 A = Elapsed time spent in this place.
 B = Non-inter-level travel time spent in this place.
 C = Inter-level travel time spent in this place.
 D = Time resting spent in this place.
 E = Time spent auto-exploring this place.
 F = Levels seen in this place.
 G = Mean time per level.
                   A        B        C        D        E       F      G
               +--------+--------+--------+--------+--------+-----+--------+
         Total |    289 |    289 |      0 |      0 |      0 |   1 |  289.0 |
       Dungeon |    289 |    289 |      0 |      0 |      0 |   1 |  289.0 |
               +--------+--------+--------+--------+--------+-----+--------+

Top non-repeatable levels by time:
       D: 289 daAuts
